Merlek, lawful female human Valkyrie ------- ------------- --- ......| * |...........| .| * * | ---.| |--.-------.---.| ? |.|.| |.........|.....| |.|.--- ---.---.|%-------.| |.....| |...|...|.|*.[..|.| -----------.| |.|.|.--|.|.^...-.| * * |.*^......|.| | | |.| |.|^..(.|.| |.........|.| |.-------.| --------|.| |...*<....-.| |.........| |.| |...[.[...|+| ---.------- |.| ! |*..+.....|.| |...| |.| * -----------.| ---^..| * |.%.| ...`..| * [ |.-------...| |...........| ) * ?+ ---...{.-a-.| .........a@.| ------------- Merlek the Woman-at-arms Experience level: 10 Strength: 15 Dexterity: 16 Constitution: 18 Intelligence: 9 Wisdom: 11 Charisma: 8 Health: 0(124) Energy: 31(31) Def: 18 Gold: 0 Moves: 9517 Dungeon seed: S3-jbn0UIS_t5gfO Game ID: Merlek_1670517325 Your Inventory: Amulets q - an uncursed amulet of reflection (being worn) Weapons a - the blessed rustproof +1 Excalibur (weapon in hand) b - 5 uncursed +0 daggers (in quiver) N - an uncursed +0 knife of frost Armor e - a blessed greased +2 gray dragon scale mail (being worn) n - an uncursed greased burnt +3 small shield (being worn) r - an uncursed +1 orcish helm of aggravate monster and drain resistance (being worn) Q - an uncursed +0 pair of iron shoes (being worn) Comestibles A - an uncursed lizard corpse Scrolls M - an uncursed scroll of fire S - an uncursed scroll of remove curse Potions Z - an uncursed potion of sickness Rings G - an uncursed ring of regeneration (on left hand) Wands i - an uncursed wand of digging (0:7) o - an uncursed wand of locking (0:7) O - an uncursed wand of light (0:13) T - an uncursed wand of fire (0:4) V - an uncursed wand of speed monster (0:6) W - an uncursed wand of summoning (0:6) Tools d - an uncursed oil lamp (0:1222) h - an uncursed +0 unicorn horn k - an uncursed skeleton key l - a blessed oil lamp (0:0) p - an uncursed stethoscope F - an uncursed magic whistle I - an uncursed sack X - an uncursed towel Gems y - an uncursed flint stone Contents of the sack: 85 gold pieces an uncursed apple an uncursed clove of garlic an uncursed egg 2 uncursed food rations an uncursed lembas wafer an uncursed lizard corpse 3 uncursed lumps of royal jelly an uncursed slime mold 2 uncursed sprigs of wolfsbane an uncursed scroll of amnesia 2 uncursed scrolls of earth an uncursed scroll of enchant weapon an uncursed scroll of gold detection an uncursed scroll of light 2 uncursed scrolls of magic mapping 2 uncursed scrolls of remove curse an uncursed scroll of teleportation a blessed potion of fruit juice a blessed potion of gain level a potion of holy water a cursed potion of monster detection an uncursed potion of object detection an uncursed potion of restore ability 3 uncursed potions of water an uncursed ring of levitation an uncursed ring of see invisible a cursed ring of shock immunity a cursed ring of teleportation a cursed can of grease (0:21) an uncursed magic marker (0:83) an uncursed tin whistle 4 uncursed wax candles (0:400) Spells and supernatural/magical abilities: Name Level Category Cost Memory h - healing 1 healing 12pw 89% j - jumping 1 escape 12pw 100% z - sleep 1 enchantment 12pw 97% U - detect unseen 3 divination 3000pw 89% W - pray for help -- divine ? -- Your skills at the end: Fighting Skills wands [Basic] Weapon Skills dagger [Basic] long sword [Expert] Spellcasting Skills Final Attributes: You were piously aligned. You were immune to cold. You were magic resistant. You were level-drain resistant. You were telepathic. You were visible. You were stealthy. You aggravated monsters. You regenerated. You were a werejackal. You were slow. You had reflection. You were lucky. You last prayed 1711 turns ago. Tyr was noncommittal. You are dead. Vanquished creatures: a vampire lord a vampire a queen bee 2 giant mimics a large mimic a black naga a giant zombie a barbed devil 2 small mimics a xan a troll a large dog a shocking sphere a human mummy a python an ettin zombie 2 chameleons 3 giant beetles 2 quivering blobs 8 wolves a lynx 2 orc-captains an iron piercer 3 giant spiders a horse a black light a vampire bat 4 gnome kings 2 orc mummies a dwarf mummy a rust monster an owlbear a yeti a werewolf 3 lizards a dog a housecat 2 jaguars 2 gray unicorns a black unicorn a dust vortex 2 plains centaurs a gnome mummy a snake a human zombie a Woodland-elf 2 fire ants 24 bugbears an imp a mountain nymph 4 Mordor orcs an Uruk-hai an orc shaman 5 rock piercers 3 rock moles 4 ponies a yellow light 2 shriekers 2 violet fungi 15 gnome lords 8 gnomish wizards 2 kobold mummies a black naga hatchling a golden naga hatchling 2 guardian naga hatchlings a barrow wight 6 elf zombies a ghoul 3 giant ants 2 little dogs 5 floating eyes 2 kittens 4 dwarves a kobold lord a kobold shaman 11 hill orcs 5 rothes a rabid rat 2 centipedes 8 orc zombies 3 dwarf zombies 2 werejackals 2 iguanas 17 killer bees an acid blob 5 coyotes a gas spore 3 hobbits 8 manes a large kobold 9 hobgoblins 2 giant rats 3 cave spiders a green mold a red mold 48 gnomes 15 garter snakes a gnome zombie 5 geckos 18 jackals 2 foxes a kobold 6 goblins 5 grid bugs 2 bats 5 lichens 3 kobold zombies 11 newts 385 creatures vanquished. Voluntary challenges: You had been an atheist until turn 2337. You used a wielded weapon 636 times, starting on turn 88. You read items or engraved 21 times, starting on turn 2765. You never genocided any monsters. You never polymorphed an object. You never changed form. You used 1 wish, starting on turn 6650. You did not wish for any artifacts. You never split a pudding. You never wrote Elbereth's name. You never violated your personal moral code. Dungeon overview: The Dungeons of Doom: levels 1 to 15 Level 1 a long staircase Level 2 Level 3 a fountain, some sinks, a vault Level 4 a general store, a fountain stairs to The Gnomish Mines Level 5 a fountain Level 6 a throne Level 7 (nymph with +3 shield) a general store Level 8 many fountains Level 9 an altar to Tyr stairs to Sokoban Level 10 Level 11 (BIG ROOM BELOW) a fountain Level 12 Level 13 Level 14 some fountains, a throne Level 15 The Gnomish Mines: levels 5 to 12 Level 5 stairs to The Dungeons of Doom Level 6 Level 7 Level 8 some shops, a temple to Odin, some fountains Level 9 Level 10 Level 11 Level 12 <- You were here a fountain Sokoban: levels 5 to 8 Level 5 Solved Level 6 Solved Level 7 Solved Level 8 Solved stairs to The Dungeons of Doom History has recorded: On T:1 you entered the Dungeons of Doom to retrieve the Amulet of Yendor! On T:168 you reached level 2 of The Dungeons of Doom. On T:521 you reached level 3 of The Dungeons of Doom. On T:542 you reached level 4 of The Dungeons of Doom. On T:694 you advanced to experience level 2. On T:834 you reached level 5 of The Dungeons of Doom. On T:881 you reached level 1 of The Gnomish Mines. On T:1044 you advanced to experience level 3. On T:1097 you reached level 2 of The Gnomish Mines. On T:1126 you advanced to experience level 4. On T:1347 you advanced to experience level 5. On T:1720 you reached level 3 of The Gnomish Mines. On T:1826 you advanced to experience level 6. On T:1834 you reached level 5 of The Gnomish Mines. On T:1868 you reached level 6 of The Gnomish Mines. On T:2007 you reached level 4 of The Gnomish Mines. On T:2264 you advanced to experience level 7. On T:2987 you reached level 6 of The Dungeons of Doom. On T:3174 you reached level 7 of The Dungeons of Doom. On T:3653 you reached level 8 of The Dungeons of Doom. On T:3669 you advanced to experience level 8. On T:3687 you reached level 9 of The Dungeons of Doom. On T:3710 you reached level 10 of The Dungeons of Doom. On T:3757 you reached level 4 of Sokoban. On T:4029 you reached level 3 of Sokoban. On T:4668 you reached level 2 of Sokoban. On T:5037 you reached level 1 of Sokoban. On T:6405 you advanced to experience level 9. On T:6650 you wished for "blessed greased fixed +2 gray dragon scale mail". On T:7454 you reached level 7 of The Gnomish Mines. On T:7521 you reached level 14 of The Dungeons of Doom. On T:7553 you reached level 15 of The Dungeons of Doom. On T:7911 you reached level 13 of The Dungeons of Doom. On T:8087 you reached level 12 of The Dungeons of Doom. On T:8101 you reached level 11 of The Dungeons of Doom. On T:8712 you reached level 8 of The Gnomish Mines. On T:8723 you advanced to experience level 10. Score breakdown: Gold: 85 ( 6580 points) Experience: 10 levels (16712 points) Exploration: 15 levels ( 31.25%) (16373 points) Discoveries: 47 items ( 18.80%) (13007 points) Valuables value: (no points given unless you survive) Artifact value: 4000 (12253 points) Variety of kills: 108 monsters ( 28.42%) (15993 points) Turncount: 9517 turns (-2305 points) Survival: died (score multiplied by 80%) Total score: 62890 Latest messages: The soldier ant misses. (2x) The soldier ant stings! The soldier ant bites! The soldier ant stings! The soldier ant misses. (2x) The soldier ant bites! The soldier ant stings! [2 turns] The soldier ant misses. The soldier ant stings! The soldier ant bites! The soldier ant stings! The soldier ant's sting was poisoned! The soldier ant misses. (2x) [2 turns] The soldier ant bites! The soldier ant misses. The soldier ant bites! The soldier ant stings! The soldier ant's sting was poisoned! Your movements are slowed slightly because of your load. You feel weaker! Your movements are slowed slightly because of your load. The soldier ant misses. The soldier ant stings! You die... Final status: Farvel Merlek the Valkyrie, killed by a soldier ant... You died in The Gnomish Mines on dungeon level 12 with 62890 points, and 85 pieces of gold, after 9517 moves. You were level 10 with a maximum of 124 hit points when you died.